 Seeded DCSS version 0.30-a0-364-gf6b3ef1049 (webtiles) character file.

Game seed: 15267933825853563579 (custom seed)

14074 purpskrrrp the Stickfighter (level 11, -16/78 HPs)
             Began as a Demonspawn Fighter on Nov 15, 2022.
             Was a High Priest of Ru.
             Killed from afar by a lindwurm (38 damage)
             ... with a blast of flame
             ... on level 10 of the Dungeon.
             The game lasted 00:26:03 (9787 turns).

purpskrrrp the Stickfighter (Demonspawn Fighter)    Turns: 9787, Time: 00:26:04

Health: -16/78     AC: 15    Str: 24    XL:     11   Next: 83%
Magic:  0/11       EV:  9    Int: 10    God:    Ru [*****.]
Gold:   607        SH:  8    Dex: 13    Spells: 10/10 levels left

rFire   x . .      SeeInvis .    y - +8 demon trident "Rift" {distort, reach+}
rCold   x . .      Faith    .    d - +0 kite shield
rNeg    . . .      Spirit   +    b - +1 scale mail
rPois   +          Reflect  .    (helmet restricted)
rElec   .          Harm     .    u - +0 cloak {rPois}
rCorr   +          Rampage  .    v - +0 pair of gloves
Will    .....                    H - +1 pair of boots
Stlth   ..........               (no amulet)
HPRegen 0.33/turn                q - +6 ring of strength
MPRegen 0.24/turn                l - ring of resist corrosion

@: flying
A: antennae 1, icy blue scales 2, weak 1, magic shield, magic regeneration,
magic link, no stealth, hated by all, no necromancy magic, no poison magic, no
transmutations magic, temperature sensitive, condensation shield
a: Renounce Religion, Draw Out Power, Power Leap, Apocalypse


You were on level 10 of the Dungeon.
You worshipped Ru.
Ru was extremely pleased with you.
You visited 1 branch of the dungeon, and saw 10 of its levels.

You collected 607 gold pieces.

Inventory:

Hand Weapons
 a - a +1 war axe
 f - the +12 lajatang "Ultimatum" {antimagic, rF- Str+6}
   (You acquired it on level 1 of the Dungeon)

   It reduces the magical energy of the wielder, and disrupts the spells and
   magical abilities of those it strikes.
   Natural abilities and divine invocations are not affected.
   Str:       It affects your strength (+6).
   rF:        It makes you vulnerable to fire.
 y - the +8 demon trident "Rift" (weapon) {distort, reach+}
   (You took it off a deep elf pyromancer on level 9 of the Dungeon)

   It warps and distorts space around it, and may blink, banish, or inflict
   extra damage upon those it strikes.
   Unwielding it can cause banishment or high damage.
   It can reach especially far, and its reaching attacks ignore other creatures
   in the way.
Missiles
 s - 3 throwing nets (quivered)
Armour
 b - a +1 scale mail (worn)
 c - a +0 buckler
 d - a +0 kite shield (worn)
 t - a +0 cloak
 u - a +0 cloak of poison resistance (worn)
 v - a +0 pair of gloves (worn)
 H - a +1 pair of boots (worn)
Jewellery
 l - a ring of resist corrosion (right hand)
 q - a +6 ring of strength (left hand)
 F - an amulet of faith
Wands
 x - a wand of digging (12)
 B - a wand of light (9)
 E - a wand of iceblast (16)
 J - a wand of flame (14)
Scrolls
 i - 3 scrolls of magic mapping
 k - 5 scrolls of identify
 o - 3 scrolls of enchant weapon
 p - a scroll of immolation
 w - 4 scrolls of teleportation
Potions
 e - a potion of heal wounds
 g - a potion of berserk rage
 h - 3 potions of degeneration
 j - a potion of flight
 m - a potion of attraction
 n - 6 potions of curing
 r - a potion of haste
 z - a potion of cancellation {unknown}
 A - 2 potions of mutation
 C - 2 potions of brilliance {unknown}
 D - 3 potions of lignification {unknown}
 G - 3 potions of might
 I - a potion of resistance {unknown}


   Skills:
 + Level 4.6 Fighting
 - Level 2.6(3.2) Axes
 + Level 2.6(11.0) Polearms
 - Level 16.1(16.2) Staves
 + Level 3.9 Armour
 + Level 2.6 Dodging
 + Level 3.1 Shields


You had 10 spell levels left.
You didn't know any spells.
Your spell library contained the following spells:

 Spells                   Type           Power      Damage    Failure   Level
 Apportation              Tloc           0%         N/A       96%         1
 Slow                     Hex            0%         N/A       96%         1
 Ensorcelled Hibernation  Hex/Ice        0%         N/A       99%         2
 Confusing Touch          Hex            0%         N/A       100%        3
 Frozen Ramparts          Ice            0%         1d1       100%        3
 Swiftness                Air            0%         N/A       100%        3
 Airstrike                Air            0%         2d(0-16)  100%        4
 Lightning Bolt           Conj/Air       0%         1d11      100%        5
 Iron Shot                Conj/Erth      0%         9d1       100%        6
 Ozocubu's Refrigeration  Ice            0%         4d7       100%        7
 Ignition                 Fire           0%         3d3       100%        8
 Beastly Appendage        Tmut           Unusable   N/A       N/A         1
 Necrotise                Necr           Unusable   1d4       N/A         1
 Summon Small Mammal      Summ           Unusable   N/A       N/A         1
 Passwall                 Tmut/Erth      Unusable   N/A       N/A         2
 Wereblood                Tmut           Unusable   N/A       N/A         2
 Spider Form              Tmut/Pois      Unusable   N/A       N/A         3
 Vampiric Draining        Necr           Unusable   2d6       N/A         3
 Animate Armour           Summ/Erth      Unusable   N/A       N/A         4
 Ice Form                 Ice/Tmut       Unusable   N/A       N/A         4
 Olgreb's Toxic Radiance  Pois           Unusable   N/A       N/A         4
 Summon Ice Beast         Ice/Summ       Unusable   N/A       N/A         4
 Summon Lightning Spire   Summ/Air       Unusable   N/A       N/A         4
 Blade Hands              Tmut           Unusable   N/A       N/A         5

Dungeon Overview and Level Annotations

Branches:
Dungeon (10/15)            Temple (0/1) D:4            Lair (0/5) D:8
    Orc (0/2) D:9

Altars:
Makhleb
Nemelex Xobeh
Okawaru
Ru
Sif Muna
Vehumet
Wu Jian


Innate Abilities, Weirdness & Mutations

You have a pair of small antennae on your head.
You are mostly covered in icy blue scales. (AC +3)
You are weak. (Str -2)
When hurt, damage is shared between your health and your magic reserves.
You regenerate magic rapidly.
When low on magic, you restore magic in place of health.
You cannot be stealthy.
You are hated by all.
You cannot study or cast Necromancy magic.
You cannot study or cast Poison magic.
You cannot study or cast Transmutations magic.
You are sensitive to extremes of temperature. (rF-, rC-)
A meltable shield of frost defends you. (SH +0)


Message History

You are too injured to fight recklessly!
You are too injured to fight recklessly!
You are too injured to fight recklessly!
You are too injured to fight recklessly!
You are too injured to fight recklessly!
You are too injured to fight recklessly!
You are too injured to fight recklessly!
You are too injured to fight recklessly!
You are too injured to fight recklessly!
You are too injured to fight recklessly!
You are too injured to fight recklessly!
You barely miss the lindwurm.
The lindwurm is heavily wounded.
The lindwurm bites you.
* * * LOW HITPOINT WARNING * * *
You block the lindwurm's attack. The lindwurm closely misses you.
You puncture the lindwurm!
Space warps around the lindwurm.
The lindwurm is severely wounded.
You hit the lindwurm but do no damage.
The lindwurm is severely wounded.
The lindwurm blinks!
You feel much better.
You puncture the lindwurm!
Space warps horribly around the lindwurm!!
The lindwurm is severely wounded.
The lindwurm breathes flames at you. The blast of flame hits you!!!
The fire burns you terribly!
Ouch! That really hurt!
* * * LOW HITPOINT WARNING * * *
You feel much better. The lindwurm barely misses you. x2
You block the lindwurm's attack.
You hit the lindwurm.
Space warps horribly around the lindwurm.
The lindwurm is severely wounded.
You impale the lindwurm!!
The lindwurm is moderately wounded.
The lindwurm blinks!
The lindwurm breathes flames at you. The blast of flame hits you!!!
The fire burns you terribly!
You die...

#.§.≈§≈≈≈≈§...§≈≈§§≈...#...##.
#..≈§§§§§..##§..§§≈≈≈....#.##.
##.§§§§§§..####§.§≈≈≈≈§§###..#.
###...≈≈≈≈..#.)?.#.§≈≈≈≈...###...
.....§≈§§≈.##$=)?##.≈§≈≈≈..# ##..
.##..≈≈≈≈§.##(>kk##.≈≈≈≈≈..# #..
.##...≈≈≈≈§.#.$${#.§≈§§≈...# ##.
####..≈≈≈§§§§ ##§.§≈§≈≈k..# #.
.###..≈§§§§§..##@k.≈≈§§≈...# #.
..##...§§§≈§≈§.§.≈≈≈≈§≈....# ##
...#...§§§§§§§§≈§§§≈≈§§§...# #
....#...≈≈≈≈≈§≈≈≈§§≈§≈.....##
.........≈≈≈≈≈§§§§§≈§.......#
...........≈≈§≈≈§≈§.....#.#.#####
##...........§≈≈§......##.#..#...
###......................##.....
##........#....###########....>


You could see a lindwurm (catching breath).

Vanquished Creatures
  A centaur warrior (D:9)
  2 two-headed ogres (D:9)
  2 deep elf pyromancers (D:9)
  An ugly thing (D:9)
  A cyclops (D:9)
  3 manticores (D:8)
  An elephant (shapeshifter) (D:9)
  A freezing wraith (D:9)
  A hornet (D:9)
  2 trolls (D:9)
  Grinder (D:4)
  A slime creature (D:8)
  A shadow (D:10)
  10 yaks
  A wraith (D:9)
  A human (shapeshifter) (D:9)
  A vampire (D:10)
  3 steam dragons (D:9)
  Menkaure (D:7)
  2 vampire mosquitoes (D:9)
  Edmund (D:5)
  An ice beast (D:8)
  2 orc warriors (D:9)
  4 black bears
  An ogre (D:6)
  4 centaurs
  4 kobold brigands (D:9)
  5 bullfrogs
  3 gnoll sergeants
  3 scorpions
  9 wights
  10 killer bees
  6 howler monkeys
  2 hounds
  Crazy Yiuf (D:4)
  2 jellies
  10 orc priests
  4 gnoll boudas
  An iguana (D:6)
  13 orc wizards
  25 gnolls
  8 adders
  3 shadow imps
  2 white imps
  An ufetubus (D:6)
  2 worms
  5 dart slugs
  40 orcs
  9 endoplasms
  7 giant cockroaches
  6 goblins
  6 hobgoblins
  11 kobolds
  6 quokkas
  6 ball pythons
  6 bats
  4 frilled lizards
  9 rats
279 creatures vanquished.

Vanquished Creatures (collateral kills)
  Erica (D:9)
  2 kobolds (D:9)
3 creatures vanquished.

Vanquished Creatures (others)
  An iguana (D:5)
  A fungus (D:4)
  2 plants (D:7)
4 creatures vanquished.

Grand Total: 286 creatures vanquished

Notes
Turn   | Place    | Note
-------+----------+-------------------------------------------
     0 | D:1      | purpskrrrp the Demonspawn Fighter began the quest for the
                  | Orb.
     0 | D:1      | Reached XP level 1. HP: 18/18 MP: 1/1
   100 | D:1      | Gained mutation: You regenerate magic rapidly. [demonic
                  | ancestry]
   100 | D:1      | Reached XP level 2. HP: 24/24 MP: 2/2
   177 | D:1      | Identified a scroll of acquirement
   177 | D:1      | Acquired the +12 lajatang "Ultimatum" {antimagic, rF-
                  | Str+6}
   283 | D:1      | Found a faded altar of an unknown god.
   286 | D:1      | Prayed at the altar of an unknown god.
   286 | D:1      | Became a worshipper of Ru the Awakened
   302 | D:1      | Gained mutation: You are sensitive to extremes of
                  | temperature. (rF-, rC-) [Ru sacrifice]
   302 | D:1      | Reached * piety under Ru
   302 | D:1      | Reached ** piety under Ru
   444 | D:1      | Gained mutation: You have a pair of small antennae on your
                  | head. [demonic ancestry]
   444 | D:1      | Reached XP level 3. HP: 29/29 MP: 1/3
   582 | D:1      | Reached skill level 1 in Staves
  1226 | D:2      | Reached skill level 2 in Staves
  1229 | D:2      | Gained mutation: You are partially covered in icy blue
                  | scales. (AC +2) [demonic ancestry]
  1229 | D:2      | Reached XP level 4. HP: 29/35 MP: 1/4
  1804 | D:3      | Found a basalt altar of Yredelemnul.
  1824 | D:3      | Reached skill level 3 in Staves
  2097 | D:3      | Gained mutation: You are mostly covered in icy blue scales.
                  | (AC +3) [demonic ancestry]
  2097 | D:3      | Reached XP level 5. HP: 23/41 MP: 1/5
  2214 | D:3      | Gained mutation: You cannot be stealthy. [Ru sacrifice]
  2214 | D:3      | Reached *** piety under Ru
  2351 | D:3      | Reached skill level 4 in Staves
  2424 | D:3      | Found a hazy altar of Hepliaklqana.
  2712 | D:4      | Found a blossoming altar of Fedhas.
  2729 | D:4      | Noticed a black bear
  2734 | D:4      | Killed a black bear
  2735 | D:4      | Reached skill level 5 in Staves
  2735 | D:4      | Reached XP level 6. HP: 43/47 MP: 2/6
  2929 | D:4      | Found a staircase to the Ecumenical Temple.
  2947 | D:4      | Found a runed translucent door.
  2948 | D:4      | Noticed Crazy Yiuf
  3113 | D:4      | Reached skill level 6 in Staves
  3113 | D:4      | Gained mutation: A meltable shield of frost defends you.
                  | (SH +0) [demonic ancestry]
  3113 | D:4      | Reached XP level 7. HP: 52/52 MP: 2/7
  3144 | D:4      | Noticed Grinder
  3149 | D:4      | Killed Grinder
  3224 | D:4      | Reached skill level 7 in Staves
  3438 | D:4      | Found a burning altar of Makhleb.
  3745 | D:4      | Killed Crazy Yiuf
  3903 | D:4      | Found a shimmering blue altar of Sif Muna.
  4206 | D:5      | Entered Level 5 of the Dungeon
  4357 | D:5      | Found a sparkling altar of Nemelex Xobeh.
  4458 | D:5      | Gained mutation: You cannot study or cast Poison magic. [Ru
                  | sacrifice]
  4458 | D:5      | Gained mutation: You cannot study or cast Transmutations
                  | magic. [Ru sacrifice]
  4458 | D:5      | Gained mutation: You cannot study or cast Necromancy magic.
                  | [Ru sacrifice]
  4458 | D:5      | Reached **** piety under Ru
  4610 | D:5      | Noticed Edmund
  4619 | D:5      | Killed Edmund
  4620 | D:5      | Reached skill level 8 in Staves
  4620 | D:5      | Gained mutation: When hurt, damage is shared between your
                  | health and your magic reserves. [demonic ancestry]
  4620 | D:5      | Reached XP level 8. HP: 39/58 MP: 2/8
  4821 | D:5      | Found a sand-covered staircase.
  5273 | D:6      | Reached skill level 9 in Staves
  5541 | D:6      | Reached skill level 10 in Staves
  5858 | D:7      | Reached XP level 9. HP: 64/64 MP: 3/9
  5888 | D:7      | Found a large runed translucent door.
  5889 | D:7      | Found a large runed translucent door.
  5914 | D:7      | Noticed Menkaure
  5919 | D:7      | Killed Menkaure
  6058 | D:7      | Reached skill level 11 in Staves
  6217 | D:7      | Found a radiant altar of Vehumet.
  6450 | D:7      | Found an iron altar of Okawaru.
  6550 | D:8      | Noticed a manticore
  6553 | D:8      | Noticed a manticore
  6554 | D:8      | Noticed a manticore
  6556 | D:8      | Killed a manticore
  6568 | D:8      | Reached skill level 12 in Staves
  6643 | D:8      | Killed a manticore
  6644 | D:8      | Reached XP level 10. HP: 33/70 MP: 3/10
  6671 | D:8      | Killed a manticore
  6672 | D:8      | Reached skill level 13 in Staves
  7028 | D:8      | Found a staircase to the Lair.
  7165 | D:8      | Gained mutation: You are weak. (Str -2) [Ru sacrifice]
  7165 | D:8      | Reached ***** piety under Ru
  7303 | D:8      | Found an ornate altar of the Wu Jian Council.
  7719 | D:9      | Noticed Erica
  7724 | D:9      | Killed Erica
  7725 | D:9      | Reached skill level 14 in Staves
  7765 | D:9      | Noticed a two-headed ogre
  7775 | D:9      | Killed a two-headed ogre
  8102 | D:9      | Reached skill level 15 in Staves
  8115 | D:9      | Gained mutation: When low on magic, you restore magic in
                  | place of health. [demonic ancestry]
  8115 | D:9      | Reached XP level 11. HP: 59/75 MP: 1/11
  8203 | D:9      | Identified the +4 dagger "Bulu Tuq" {vorpal, rC++ Int+6}
  8203 | D:9      | Noticed a deep elf pyromancer
  8210 | D:9      | Killed a deep elf pyromancer
  8238 | D:9      | Noticed a centaur warrior
  8254 | D:9      | Killed a centaur warrior
  8329 | D:9      | Noticed a brown ugly thing
  8333 | D:9      | Killed a brown ugly thing
  8334 | D:9      | Reached skill level 16 in Staves
  8341 | D:9      | Noticed a deep elf pyromancer
  8348 | D:9      | Killed a deep elf pyromancer
  8546 | D:9      | Noticed a two-headed ogre
  8558 | D:9      | Killed a two-headed ogre
  8559 | D:9      | Reached skill level 1 in Polearms
  8559 | D:9      | Reached skill level 1 in Dodging
  8591 | D:9      | Identified the +0 scale mail "Duawil" {Dex+2}
  8824 | D:9      | Found a staircase to the Orcish Mines.
  8976 | D:10     | Entered Level 10 of the Dungeon
  9239 | D:10     | Gained mutation: You are hated by all. [Ru sacrifice]
  9715 | D:10     | Found the ring of the Tortoise {AC+8}
  9727 | D:10     | Noticed a lindwurm
  9777 | D:10     | Noticed a lindwurm
  9777 | D:10     | Noticed a lindwurm
  9777 | D:10     | Noticed a lindwurm
  9787 | D:10     | Killed from afar by a lindwurm

Illustrated notes

Levels and vault maps discovered:
D:1:      scummos_arrival_hexagon, layout_basic,
          ebering_ecumenical_altar_petrified
D:2:      layout_loops_corners, minmay_misc_feat_plants,
          corexii_item_surrounded_by_moat, minmay_vboxes
D:3:      layout_basic, lemuel_tele_altar, general_overflow_altar,
          dreamdust_princess_bridge
D:4:      layout_layer_cave, nicolae_overflow_crystal_walls, tgw_sif,
          mainiacjoe_overflow_small_starburst, minmay_temple_entry_overgrown,
          uniq_crazy_yiuf_cottage, uniq_grinder
D:5:      layout_rooms, nicolae_overflow_hidden_temple, serial_corexii_hall,
          chequers_hall_statues_corner_a, chequers_hall_statues_y,
          chequers_hall_statues_corner_a, nicolae_ossuary_entry_plus,
          uniq_edmund
D:6:      layout_loops_ring
D:7:      layout_rooms, mainiacjoe_overflow_boulevard, jmf_multi_god_temple2,
          uniq_menkaure
D:8:      layout_cave_pods, nicolae_wu_jian_immortal_techniques,
          lair_entry_dummy, eino_small_chamber_without_monster, kb_rosetta
D:9:      minmay_the_grid_octo_tiled_octocenter [minmay_the_grid_octo_chip,
          minmay_the_grid_octo_pinwheel, minmay_the_grid_octo_checkerflower,
          minmay_the_grid_octo_fat_diamond, minmay_the_grid_octo_prize_big_c,
          minmay_the_grid_square_5x5_mess, minmay_the_grid_square_5x5_longway,
          minmay_the_grid_square_5x5_tetrominoes,
          minmay_the_grid_square_5x5_intrusive_squares], layout_rooms,
          orc_0_dummy, uniq_erica
D:10:     hellmonk_ruined_rings, layout_cave_pods, corexii_checkpoint_b,
          minmay_statues_item, st_stairs_8, minmay_lindwurm_lava

Skill      XL: |  1  2  3  4  5  6  7  8  9 10 11 |
---------------+----------------------------------+-----
Axes           | 2 |  2.6
Staves         | 2 3 5 6 8 10 12 15 16 | 16.1
Polearms       | 2 |  2.6
Armour         | 3 |  3.9
Dodging        | 2 |  2.6
Fighting       | 4 |  4.6
Shields        | 3 |  3.1

Action                   |  1- 3 |  4- 6 |  7- 9 | 10-12 || total
-------------------------+-------+-------+-------+-------++-------
Melee: War axe           |    17 |       |       |       ||    17
       Lajatang          |    63 |    90 |   199 |   151 ||   503
       Demon trident     |       |       |       |   101 ||   101
Invok: Sacrifice Resista |     1 |       |       |       ||     1
       Sacrifice Stealth |       |     1 |       |       ||     1
       Sacrifice Arcana  |       |       |     1 |       ||     1
       Sacrifice Purity  |       |       |       |     1 ||     1
       Sacrifice Love    |       |       |       |     1 ||     1
  Use: Scroll            |     2 |    13 |     1 |    10 ||    26
       Potion            |       |       |     3 |     4 ||     7
 Stab: Invisible         |     1 |     1 |       |       ||     2
       Distracted        |       |       |       |     1 ||     1
Armor: Scale mail        |    53 |    40 |    89 |    59 ||   241
Dodge: Dodged            |    43 |    55 |    92 |    49 ||   239
Block: Buckler           |     5 |       |       |       ||     5
       Other             |       |       |    28 |    17 ||    45
       Kite shield       |       |       |       |    23 ||    23

Table legend: (Time is in decaauts)
 A = Elapsed time spent in this place.
 B = Non-inter-level travel time spent in this place.
 C = Inter-level travel time spent in this place.
 D = Time resting spent in this place.
 E = Time spent auto-exploring this place.
 F = Levels seen in this place.
 G = Mean time per level.
                   A        B        C        D        E       F      G
               +--------+--------+--------+--------+--------+-----+--------+
         Total |   9761 |   9347 |    414 |    847 |   6611 |  10 |  976.1 |
       Dungeon |   9761 |   9347 |    414 |    847 |   6611 |  10 |  976.1 |
               +--------+--------+--------+--------+--------+-----+--------+

Top non-repeatable levels by time:
     D:4: 1469 daAuts
     D:9: 1218 daAuts
     D:8: 1187 daAuts
     D:3: 1092 daAuts
     D:2: 908 daAuts
     D:5: 881 daAuts
    D:10: 803 daAuts
     D:1: 784 daAuts
     D:7: 730 daAuts
     D:6: 684 daAuts
